Map: Desert Strike Legacy (Official)

Players

JaySlays

  • Race: Terran Terran
  • Spawn Location: 7:00

CorranHorn

  • Race: Terran Terran
  • Spawn Location: 11:00

Arretez

  • Race: Zerg Zerg
  • Spawn Location: 6:00

siegelord

  • Race: Terran Terran
  • Spawn Location: 12:00

Wolf

  • Race: Protoss Protoss
  • League: Diamond
  • Spawn Location: 6:00

USandIsrael

  • Race: Protoss Protoss
  • Spawn Location: 1:00

VOD

Have the link to the VOD?

Description

Time

  • Played on: April 19, 2018, 11:20 p.m.
  • Length: 20:47
Show
View Real Time Build Order
Export as new Build Order

JaySlays Terran 

Build Orders:  

Get SALT Encoding   

    0:15  Command Center  
    0:21  Unknown  
    1:27  Refinery  
    2:18  Supply Depot  
    2:41  Barracks  
    3:14  Barracks Tech Lab  
    3:25  Barracks  
    3:51  Barracks Reactor  
    4:26  Engineering Bay  
    5:15  Refinery  
    6:12  Barracks  
    6:36  Barracks  
    6:47  Barracks Reactor  
    7:03  Unknown  
    7:28  Unknown  
    7:47  Factory  
    8:33  Refinery  
    9:58  Starport  
    10:52  Barracks x2  
    10:53  Barracks  
    10:57  Unknown  
    11:01  Unknown  
    11:08  Unknown  
    11:35  Barracks  
    11:36  Barracks  
    11:43  Barracks Tech Lab  
    12:17  Unknown  
    12:18  Unknown  
    12:27  Unknown  
    13:08  Unknown x3  
    13:51  Unknown  
    13:52  Unknown x2  
    14:08  Unknown  
    14:28  Unknown  
    14:33  Orbital Command  
    14:35  Unknown  
    16:12  Factory Tech Lab  
    16:24  Barracks  
    16:33  Barracks Tech Lab  
    17:26  Unknown  
    17:28  Unknown  
    17:29  Unknown  
    17:31  Unknown  
    18:01  Unknown x2  
    18:02  Unknown  
    18:52  Unknown x2  
Show
View Real Time Build Order
Export as new Build Order

CorranHorn Terran 

Build Orders:  

Get SALT Encoding   

    0:50  Refinery  
    1:33  Barracks  
    1:55  Barracks  
    2:24  Barracks Reactor  
    3:21  Refinery  
    4:24  Barracks  
    4:36  Barracks  
    4:51  Barracks Tech Lab  
    5:10  Barracks Reactor  
    5:55  Refinery  
    6:17  Orbital Command  
    6:48  Barracks Tech Lab  
    7:35  Barracks  
    7:36  Barracks  
    7:38  Barracks  
    7:44  Barracks Reactor  
    7:58  Barracks Reactor  
    8:09  Barracks Tech Lab  
    8:23  Barracks  
    8:32  Barracks  
    9:14  Barracks Tech Lab  
    9:15  Barracks Reactor  
    9:18  Barracks  
    9:21  Barracks  
    9:32  Barracks Tech Lab  
    9:47  Barracks Reactor  
    9:59  Barracks  
    10:27  Barracks  
    10:28  Barracks  
    10:33  Barracks Tech Lab  
    10:46  Barracks Tech Lab  
    10:58  Barracks Reactor  
    11:12  Factory  
    11:29  Engineering Bay  
    12:04  Engineering Bay  
    12:06  Engineering Bay  
    12:09  Engineering Bay  
    13:01  Unknown  
    13:02  Unknown  
    13:17  Unknown  
    13:23  Unknown  
    14:40  Unknown  
    14:41  Unknown  
    14:42  Unknown  
    14:43  Unknown  
    14:44  Unknown  
    14:49  Unknown  
    16:04  Unknown  
    16:06  Unknown  
    16:08  Unknown  
    16:09  Unknown  
    16:10  Unknown  
    16:14  Unknown  
    16:28  Unknown  
    16:42  Unknown  
    17:54  Unknown x2  
    17:58  Unknown  
    17:59  Unknown  
    18:01  Unknown  
    18:14  Unknown  
    18:26  Unknown  
    19:14  Unknown  
    19:16  Unknown  
Show
View Real Time Build Order
Export as new Build Order

Arretez Zerg 

Build Orders: Pool Only 

Get SALT Encoding   

    0:51  Extractor  
    1:33  Spawning Pool  
    2:12  Unknown  
    2:31  Baneling Nest  
    2:52  Roach Warren  
    3:13  Roach Warren  
    3:48  Spawning Pool  
    3:50  Spawning Pool  
    4:49  Extractor, Lair  
    6:27  Spire  
    7:03  Nydus Network  
    8:05  Infestation Pit  
    9:04  Extractor  
    10:23  Greater Spire  
    10:45  Spire  
    10:59  Spire  
    12:15  Baneling Nest x2  
    12:16  Baneling Nest  
    12:18  Baneling Nest  
    12:19  Baneling Nest  
    12:42  Unknown  
    13:31  Unknown  
    13:43  Greater Spire  
    14:01  Greater Spire  
    14:13  Ultralisk Cavern  
    15:34  Hive  
    16:26  Unknown  
    17:12  Unknown x2  
    17:39  Unknown  
    17:44  Unknown  
    18:28  Baneling Nest x2  
    18:29  Baneling Nest  
    18:30  Baneling Nest  
    18:57  Nydus Network  
    19:56  Unknown  
    19:59  Unknown  
    20:00  Unknown  
    20:22  Unknown  
Show
View Real Time Build Order
Export as new Build Order

siegelord Terran 

Build Orders:  

Get SALT Encoding   

    0:30  Supply Depot  
    0:49  Unknown  
    1:45  Supply Depot  
    1:50  Barracks  
    3:06  Refinery  
    3:55  Supply Depot  
    4:15  Barracks Reactor  
    4:36  Unknown  
    4:56  Barracks  
    5:52  Refinery  
    6:38  Barracks Reactor  
    6:42  Barracks  
    6:45  Unknown  
    6:56  Factory  
    7:23  Unknown  
    8:10  Barracks  
    8:13  Barracks  
    8:17  Unknown  
    8:19  Unknown  
    8:57  Refinery  
    10:13  Unknown  
    10:30  Supply Depot  
    10:57  Starport  
    11:08  Unknown  
    11:48  Starport  
    11:56  Barracks  
    12:02  Barracks  
    12:27  Barracks  
    13:19  Unknown  
    13:21  Unknown  
    13:24  Barracks Reactor  
    13:36  Barracks  
    13:40  Barracks Reactor  
    13:50  Unknown  
    13:52  Unknown  
    14:05  Unknown  
    15:11  Factory Tech Lab  
    15:27  Barracks  
    15:34  Unknown  
    16:28  Factory  
    16:37  Unknown  
    16:39  Unknown  
    16:45  Unknown  
    16:52  Unknown  
    18:20  Factory  
    18:21  Factory Reactor  
    18:32  Factory  
    18:37  Factory  
    18:43  Unknown  
    19:30  Unknown  
    19:38  Unknown  
    19:52  Unknown  
    19:53  Unknown  
    20:43  Factory Reactor  
Show
View Real Time Build Order
Export as new Build Order

Wolf Protoss 

Build Orders:  

Get SALT Encoding   

    0:52  Assimilator  
    1:51  Gateway  
    1:56  Cybernetics Core  
    2:17  Gateway  
    2:56  Gateway  
    2:58  Gateway  
    3:57  Assimilator  
    5:05  Forge  
    5:32  Twilight Council  
    5:56  Dark Shrine  
    6:31  Twilight Council  
    7:21  Unknown x2  
    7:47  Assimilator  
    9:30  Twilight Council  
    9:31  Twilight Council  
    10:00  Gateway  
    10:09  Gateway  
    10:46  Robotics Facility  
    11:40  Robotics Facility  
    12:25  Twilight Council  
    12:27  Twilight Council  
    13:03  Unknown  
    13:06  Twilight Council  
    14:26  Robotics Bay  
    15:33  Robotics Bay  
    16:28  Templar Archives  
    16:42  Cybernetics Core  
    16:45  Cybernetics Core x3  
    16:54  Cybernetics Core  
    18:01  Unknown x2  
    18:50  Stargate x2  
    19:56  Forge x3  
    19:57  Forge x2  
    20:06  Pylon  
    20:07  Pylon  
Show
View Real Time Build Order
Export as new Build Order

USandIsrael Protoss 

Build Orders:  

Get SALT Encoding   

    0:51  Assimilator  
    1:33  Gateway  
    2:14  Gateway  
    2:16  Gateway  
    3:24  Assimilator  
    4:41  Cybernetics Core  
    4:48  Twilight Council  
    5:26  Twilight Council  
    5:58  Assimilator  
    6:39  Twilight Council  
    6:43  Twilight Council  
    7:32  Twilight Council  
    7:45  Unknown  
    7:53  Unknown  
    8:40  Twilight Council  
    8:45  Unknown  
    8:50  Twilight Council  
    9:04  Unknown  
    9:25  Twilight Council  
    9:48  Unknown  
    10:15  Twilight Council  
    10:22  Unknown  
    10:39  Twilight Council  
    10:58  Unknown  
    11:11  Twilight Council  
    11:27  Unknown  
    11:54  Twilight Council  
    12:17  Twilight Council  
    12:28  Unknown  
    12:49  Twilight Council  
    13:47  Robotics Facility  
    15:09  Robotics Bay  
    15:58  Robotics Bay  
    17:06  Robotics Bay  
    18:39  Robotics Bay  
    19:19  Robotics Bay  
    20:27  Robotics Bay  
Tags
 
Add a new tag
Caveats
  • Supply blocks, unpowered buildings, or Contaminate may cause inaccurate times.
  • Supply counts are checked every 10 seconds.